 Dungeon Crawl Stone Soup version 0.27.1-34-g3ba077fa99 (webtiles) character file.

Game seed: 9800708966375237752

150 DrStoges the Firebug (level 5, -7/37 HPs)
             Began as a Gnoll Fire Elementalist on Jan 18, 2022.
             Engulfed by a cloud of flame (9 damage)
             ... on level 4 of the Dungeon.
             The game lasted 00:07:29 (1782 turns).

DrStoges the Firebug (Gnoll Fire Elementalist)      Turns: 1782, Time: 00:07:30

Health: -7/37      AC:  2    Str:  7    XL:     5   Next: 32%
Magic:  3/12       EV: 13    Int: 15    God:
Gold:   6          SH:  0    Dex: 13    Spells: 10/14 levels left

rFire    + . .     SeeInvis .   h - staff of fire
rCold    . . .     Faith    .   (no shield)
rNeg     . . .     Spirit   .   e - +0 robe
rPois    .         Reflect  .   (no helmet)
rElec    .         Harm     .   (no cloak)
rCorr    +         Rampage  .   (no gloves)
Will     .....                  (no boots)
Stlth    +++.......             (no amulet)
HPRegen  0.12/turn              m - ring of resist corrosion
MPRegen  0.13/turn              (no ring)

@: lethally poisoned (-7 -> -8)
A: fangs 1, strong nose, distributed training
a: no special abilities


You were on level 4 of the Dungeon.
You visited 1 branch of the dungeon, and saw 3 of its levels.

You collected 6 gold pieces.

Inventory:

Hand Weapons
 c - a +0 short sword
Missiles
 l - 7 poisoned darts
Armour
 e - a +0 robe (worn)
Magical Staves
 h - a staff of fire (weapon)
Jewellery
 m - a ring of resist corrosion (left hand)
Scrolls
 a - a scroll of magic mapping {unknown}
 b - a scroll of teleportation {unknown}
 d - 2 scrolls of fear {unknown}
 f - a scroll of enchant weapon {unknown}
 i - a scroll of silence {unknown}
 j - a scroll of holy word {unknown}
Potions
 g - a potion of brilliance {unknown}
 k - a potion of attraction {unknown}


   Skills:
 + Level 1.4 Fighting
 + Level 1.4 Short Blades
 + Level 1.4 Long Blades
 + Level 1.4 Axes
 + Level 1.4 Maces & Flails
 + Level 1.4 Polearms
 + Level 1.4 Staves
 + Level 1.4 Slings
 + Level 1.4 Bows
 + Level 1.4 Crossbows
 + Level 1.4 Throwing
 + Level 1.4 Armour
 + Level 4.7 Dodging
 + Level 4.4 Stealth
 + Level 1.4 Shields
 + Level 1.4 Unarmed Combat
 + Level 5.2 Spellcasting
 + Level 2.3 Conjurations
 + Level 1.1 Hexes
 + Level 1.1 Summonings
 + Level 1.1 Necromancy
 + Level 1.1 Translocations
 + Level 1.1 Transmutations
 + Level 5.5 Fire Magic
 + Level 1.1 Ice Magic
 + Level 1.1 Air Magic
 + Level 1.1 Earth Magic
 + Level 1.1 Poison Magic
 + Level 1.6 Invocations
 + Level 1.4 Evocations


You had 10 spell levels left.
You knew the following spells:

 Your Spells              Type           Power      Damage    Failure   Level
a - Foxfire               Conj/Fire      92%        2x1d8     3%          1
b - Inner Flame           Hex/Fire       20%        N/A       12%         3

Your spell library contained the following spells:

 Spells                   Type           Power      Damage    Failure   Level
 Conjure Flame            Conj/Fire      23%        6-21      10%         3
 Sticky Flame             Conj/Fire      23%        2d4       30%         4
 Fireball                 Conj/Fire      11%        3d7       65%         5


Dungeon Overview and Level Annotations

Branches:
Dungeon (2/15)

Altars:

Shops:
D:2 =


Innate Abilities, Weirdness & Mutations

You have very sharp teeth.
Your uncanny sense of smell can sniff out nearby items.
Your experience applies equally to all skills.


Message History

The spell is quite dangerous to cast (14% risk of failure)!
Continue anyway?
Aiming: Inner Flame (quite dangerous; 14% risk of failure)
Press: ? - help, Shift-Dir - straight line, f - adder, p - ogre
Aim: an adder (lightly wounded, chance to affect: 81%)
You feel a surge of power!
The adder is filled with an inner flame.
The adder bites you.
You are poisoned.
The adder poisons you!
You hit the adder.
Flame seeps out of the adder.
The adder is moderately wounded.
You feel sick.
The adder is engulfed in blazing flames.
The adder explodes!
The fiery explosion engulfs the ogre!!
Flame seeps out of the ogre.
The ogre is almost dead.
The fiery explosion engulfs you! You resist.
The fiery explosion engulfs the quokka!!!
You kill the quokka!
The fiery explosion engulfs the hobgoblin!!
You kill the hobgoblin!
The ogre is engulfed in blazing flames.
The ogre explodes!
Your Hexes skill increases to level 1!
Your Summonings skill increases to level 1!
Your Necromancy skill increases to level 1!
Your Translocations skill increases to level 1!
Your Transmutations skill increases to level 1!
Your Ice Magic skill increases to level 1!
Your Air Magic skill increases to level 1!
Your Earth Magic skill increases to level 1!
Your Poison Magic skill increases to level 1!
You have reached level 4!
You feel agile.
You have reached level 5!
You are engulfed in blazing flames.
You resist.
* * * LOW HITPOINT WARNING * * *
x2 You feel sick.
You are engulfed in blazing flames.
You resist.
You die...

### #§#
##°## ∆
#@J§#
#§..#
.....#
#.....#
........
.#######..
## .## #


You could see an endoplasm.

Vanquished Creatures
  An ogre (D:4)
  Natasha (D:2)
  An adder (D:4)
  3 dart slugs
  2 ball pythons
  2 endoplasms (D:2)
  2 goblins (D:2)
  4 hobgoblins
  3 quokkas
  A bat (D:2)
  3 frilled lizards
  A kobold (D:1)
  3 rats
27 creatures vanquished.

Vanquished Creatures (others)
  78 foxfires
78 creatures vanquished.

Grand Total: 105 creatures vanquished

Notes
Turn   | Place    | Note
-------+----------+-------------------------------------------
     0 | D:1      | DrStoges the Gnoll Fire Elementalist began the quest for
                  | the Orb.
     0 | D:1      | Reached XP level 1. HP: 13/13 MP: 6/6
   356 | D:1      | Reached XP level 2. HP: 19/19 MP: 3/7
  1540 | D:2      | Found Wefe's Jewellery Emporium.
  1550 | D:2      | Reached XP level 3. HP: 25/25 MP: 6/9
  1556 | D:2      | Reached skill level 5 in Spellcasting
  1682 | D:2      | Noticed Natasha
  1688 | D:2      | Learned a level 3 spell: Inner Flame
  1692 | D:2      | Killed Natasha
  1693 | D:2      | Reached skill level 1 in Fighting
  1693 | D:2      | Reached skill level 1 in Short Blades
  1693 | D:2      | Reached skill level 1 in Long Blades
  1693 | D:2      | Reached skill level 1 in Axes
  1693 | D:2      | Reached skill level 1 in Maces & Flails
  1693 | D:2      | Reached skill level 1 in Polearms
  1693 | D:2      | Reached skill level 1 in Staves
  1693 | D:2      | Reached skill level 1 in Slings
  1693 | D:2      | Reached skill level 1 in Bows
  1693 | D:2      | Reached skill level 1 in Crossbows
  1693 | D:2      | Reached skill level 1 in Throwing
  1693 | D:2      | Reached skill level 1 in Armour
  1693 | D:2      | Reached skill level 1 in Shields
  1693 | D:2      | Reached skill level 1 in Unarmed Combat
  1693 | D:2      | Reached skill level 1 in Invocations
  1693 | D:2      | Reached skill level 1 in Evocations
  1775 | D:2      | You fall into a shaft and drop 2 floors!
  1775 | D:4      | Noticed an ogre
  1780 | D:4      | Killed an ogre
  1781 | D:4      | Reached skill level 1 in Hexes
  1781 | D:4      | Reached skill level 1 in Summonings
  1781 | D:4      | Reached skill level 1 in Necromancy
  1781 | D:4      | Reached skill level 1 in Translocations
  1781 | D:4      | Reached skill level 1 in Transmutations
  1781 | D:4      | Reached skill level 1 in Ice Magic
  1781 | D:4      | Reached skill level 1 in Air Magic
  1781 | D:4      | Reached skill level 1 in Earth Magic
  1781 | D:4      | Reached skill level 1 in Poison Magic
  1781 | D:4      | Reached XP level 4. HP: 10/32 MP: 3/11
  1781 | D:4      | Reached XP level 5. HP: 12/37 MP: 3/12
  1782 | D:4      | Engulfed by a cloud of flame

Illustrated notes

Levels and vault maps discovered:
D:1:      co_arrival_square_in_a_square_in_a_square, layout_basic, minivault_27
D:2:      layout_basic, serial_shops, nicolae_shop_waterfront,
          corexii_hall_statues_deadend, minivault_5, uniq_natasha
D:4:      layout_rooms, lemuel_doored_altar, serial_shops, shop, minmay_unequal,
          uniq_eustachio

Skill      XL: |  1  2  3 |
---------------+----------+-----
Conjurations   | 2 |  2.3
Spellcasting   | 5 |  5.2
Fighting       | 1 |  1.4
Short Blades   | 1 |  1.4
Long Blades    | 1 |  1.4
Axes           | 1 |  1.4
Maces & Flails | 1 |  1.4
Polearms       | 1 |  1.4
Staves         | 1 |  1.4
Slings         | 1 |  1.4
Bows           | 1 |  1.4
Crossbows      | 1 |  1.4
Throwing       | 1 |  1.4
Armour         | 1 |  1.4
Shields        | 1 |  1.4
Unarmed Combat | 1 |  1.4
Invocations    | 1 |  1.6
Evocations     | 1 |  1.4
Hexes          | 1 |  1.1
Summonings     | 1 |  1.1
Necromancy     | 1 |  1.1
Translocations | 1 |  1.1
Transmutations | 1 |  1.1
Ice Magic      | 1 |  1.1
Air Magic      | 1 |  1.1
Earth Magic    | 1 |  1.1
Poison Magic   | 1 |  1.1
Dodging        | |  4.7
Stealth        | |  4.4
Fire Magic     | |  5.5

Action                   |  1- 3 |  4- 6 || total
-------------------------+-------+-------++-------
Melee: Staff             |     3 |       ||     3
 Cast: Foxfire           |    52 |       ||    52
       Inner Flame       |     3 |       ||     3
Dodge: Dodged            |     8 |       ||     8
